 Dungeon Crawl Stone Soup version 0.27.1-3-gb3d3a73c9e (webtiles) character file.

Game seed: 5093978717475451578

319 waplegopp the Chopper (level 6, -8/38 HPs)
             Began as a Tengu Berserker on Oct 28, 2021.
             Was a Believer of Trog.
             Engulfed by a cloud of flame (25 damage)
             ... on level 4 of the Dungeon.
             The game lasted 00:05:24 (4566 turns).

waplegopp the Chopper (Tengu Berserker)             Turns: 4566, Time: 00:05:26

Health: -8/38      AC:  6    Str: 19    XL:     6   Next: 45%
Magic:  7/7        EV: 14    Int:  7    God:    Trog [**....]
Gold:   91         SH:  0    Dex: 14    Spells: 5/5 levels left

rFire    . . .     SeeInvis .   a - +0 hand axe
rCold    . . .     Faith    .   (no shield)
rNeg     . . .     Spirit   .   l - +0 ring mail
rPois    .         Reflect  .   (helmet restricted)
rElec    .         Harm     .   (no cloak)
rCorr    .         Rampage  .   d - +0 pair of gloves
Will     .....                  (boots unavailable)
Stlth    +.........             (no amulet)
HPRegen  0.12/turn              (no ring)
MPRegen  0.10/turn              (no ring)

@: flying quickly and evasively, quick
A: beak, talons 3, nimble flight
a: Renounce Religion, Berserk, Trog's Hand


You were on level 4 of the Dungeon.
You worshipped Trog.
Trog was pleased with you.
You visited 1 branch of the dungeon, and saw 4 of its levels.

You collected 91 gold pieces.

Inventory:

Hand Weapons
 a - a +0 hand axe (weapon)
Missiles
 p - 30 poisoned darts (quivered)
Armour
 b - a +0 animal skin
 d - a +0 pair of gloves (worn)
 l - a +0 ring mail (worn)
 o - a +0 chain mail
Scrolls
 e - a scroll of fear {unknown}
 h - a scroll of identify {unknown}
 i - a scroll of teleportation
 j - a scroll of amnesia {unknown}
 k - a scroll of blinking {unknown}
Potions
 c - a potion of ambrosia {unknown}
 f - a potion of curing {unknown}
 g - a potion of cancellation {unknown}
 m - a potion of lignification {unknown}
 n - a potion of berserk rage {unknown}
 r - a potion of might {unknown}


   Skills:
 + Level 3.9 Fighting
 + Level 5.8 Axes
 + Level 3.2 Armour
 + Level 3.2 Dodging
 + Level 1.9 Stealth


You had 5 spell levels left.
You didn't know any spells.
Your spell library was empty.

Dungeon Overview and Level Annotations

Branches:
Dungeon (4/15)
 Temple: D:4-7

Altars:
Hepliaklqana


Innate Abilities, Weirdness & Mutations

You have a beak for a mouth.
You have claws for feet.
Your magical nature lets you fly swiftly and evasively.


Message History

The worm is severely wounded.
The worm splashes around in the water.
You slash the worm!
You kill the worm!
Trog accepts your kill.
No target in view!
No target in view!
You see here a worm corpse.
Found a stone staircase leading down.
There is a stone staircase leading down here.
You see here a +0 dagger.
Partly explored, can't reach some items and places.
Partly explored, can't reach some items and places.
Partly explored, can't reach some items and places.
Partly explored, can't reach some items and places.
Partly explored, can't reach some items and places.
There is a stone staircase leading down here.
You fly downwards.
You hear the sound of rushing water.
There is an entrance to a sewer on this level.
Hurry and find it before the portal rusts away!
Found a rapier and 17 gold pieces.
Found a stone staircase leading down.
There is a stone staircase leading up here.
As you read the scroll labelled QIESTR KANUPRICHO, it crumbles to dust.
You feel strangely unstable.
It was a scroll of teleportation.
An adder and an orc come into view.
The orc shouts!
Your surroundings suddenly seem different.
An endoplasm comes into view.
As you read the scroll labelled MUBBECV FINARAARRO, it crumbles to dust.
The creatures around you are filled with an inner flame!
It was a scroll of immolation.
The endoplasm quivers.
You slash the endoplasm! Trog accepts your kill.
The endoplasm explodes!
The fiery explosion engulfs you!!
Ouch! That really hurt!
You are engulfed in blazing flames.
Ouch! That really hurt!
You die...

#....# ##....####
#........####.
#.....#.........
...######..######
.. ##.# # #ยง#
#.# #@# #..# #..#
#... .... ......
#..... #......


There were no monsters in sight!

Vanquished Creatures
  Sigmund (D:2)
  An orc priest (D:3)
  4 gnolls (D:2)
  4 adders
  A worm (D:3)
  2 dart slugs (D:1)
  2 orcs (D:3)
  4 ball pythons
  2 bats
  8 endoplasms
  3 giant cockroaches
  3 goblins
  7 hobgoblins
  2 quokkas
  6 frilled lizards
  4 kobolds
  5 rats
59 creatures vanquished.

Vanquished Creatures (others)
  19 plants (D:3)
19 creatures vanquished.

Grand Total: 78 creatures vanquished

Notes
Turn   | Place    | Note
-------+----------+-------------------------------------------
     0 | D:1      | waplegopp the Tengu Berserker began the quest for the Orb.
     0 | D:1      | Reached XP level 1. HP: 14/14 MP: 2/2
   137 | D:1      | Reached XP level 2. HP: 19/19 MP: 3/3
   387 | D:1      | Found a faded altar of an unknown god.
   663 | D:1      | Reached XP level 3. HP: 23/23 MP: 4/4
   725 | D:1      | Reached ** piety under Trog
   726 | D:1      | Reached skill level 4 in Axes
  1635 | D:2      | Reached XP level 4. HP: 9/28 MP: 5/5
  3394 | D:2      | Noticed Sigmund
  3403 | D:2      | Killed Sigmund
  3404 | D:2      | Reached skill level 5 in Axes
  3404 | D:2      | Reached skill level 1 in Stealth
  3404 | D:2      | Gained mutation: Your magical nature lets you fly swiftly
                  | and evasively. [Tengu growth]
  3404 | D:2      | Reached XP level 5. HP: 33/33 MP: 6/6
  3404 | D:2      | Reached XP level 6. HP: 38/38 MP: 7/7
  4123 | D:3      | Found a hazy altar of Hepliaklqana.
  4566 | D:4      | Engulfed by a cloud of flame

Illustrated notes

Levels and vault maps discovered:
D:1:      amcnicky_arrival_underground_garden, layout_basic,
          shapermc_ecumenical_altar_starsandcircs
D:2:      layout_basic, dk_noncrumbling_2, kennysheep_generic_room_10,
          uniq_sigmund
D:3:      layout_rooms, nicolae_overflow_crystal_walls, serial_bayou,
          serial_bayou_lagoon_a, serial_bayou_pond_e, serial_bayou_lagoon_b,
          serial_bayou_lake_a, minivault_26
D:4:      layout_layer_cave, portal_sewer_entry_f,
          hangedman_abyss_or_decor_lesser_grid, hangedman_decor_slide_cut,
          uniq_eustachio, uniq_crazy_yiuf_cottage

Skill      XL: |  1  2  3  4 |
---------------+-------------+-----
Axes           | 4 5 |  5.8
Armour         | 3 |  3.2
Dodging        | 3 |  3.2
Stealth        | 1 |  1.9
Fighting       | |  3.9

Action                   |  1- 3 |  4- 6 || total
-------------------------+-------+-------++-------
Melee: Hand axe          |    50 |    78 ||   128
       Kick              |     9 |    21 ||    30
       Peck              |     8 |    10 ||    18
Throw: Dart              |       |     8 ||     8
Invok: Berserk           |     3 |     3 ||     6
       Trog's Hand       |       |     1 ||     1
  Use: Scroll            |       |     2 ||     2
 Stab: Distracted        |       |     1 ||     1
       Sleeping          |       |     1 ||     1
Armor: Animal skin       |     9 |       ||     9
       Ring mail         |       |    18 ||    18
Dodge: Dodged            |    23 |    41 ||    64
